 Dungeon Crawl Stone Soup version 0.19.1 (webtiles) character file.

1910 Suspicious the Carver (level 8, -1/58 HPs)
             Began as a Demonspawn Berserker on Nov 25, 2016.
             Was a High Priest of Trog.
             Slain by a worker ant (6 damage)
             ... on level 6 of the Dungeon.
             The game lasted 00:11:17 (6564 turns).

Suspicious the Carver (Demonspawn Berserker)        Turns: 6564, Time: 00:11:17

Health: -1/58      AC: 11    Str: 18    XL:     8   Next: 94%
Magic:  8/8        EV:  7    Int: 10    God:    Trog [*****.]
Gold:   280        SH:  0    Dex: 13    Spells: 0 memorised, 7 levels left

rFire  . . .     SeeInvis .     p - +3 long sword
rCold  . . .     Gourm    .     M - +0 chain mail
rNeg   . . .     Faith    .     (no shield)
rPois  .         Spirit   .     (no helmet)
rElec  .         Reflect  .     (no cloak)
rCorr  +         Harm     .     q - +0 pair of gloves
MR     ++...                    (no boots)
Stlth  ..........               (no amulet)
                                (no ring)
                                E - ring of resist corrosion

@: exhausted, regenerating, slowed, very slow
A: hooves 2, icy blue scales 1
a: Berserk, Trog's Hand, Brothers in Arms, Burn Spellbooks, Renounce Religion


You were on level 6 of the Dungeon.
You worshipped Trog.
Trog was extremely pleased with you.
You were not hungry.

You visited 1 branch of the dungeon, and saw 6 of its levels.
You also visited: Ossuary.

You collected 280 gold pieces.

Inventory:

Hand Weapons
 a - a +0 falchion
 p - a +3 long sword (weapon)
 A - a +1 long sword
 N - a +3 triple sword of freezing
Armour
 b - a +0 animal skin
 h - a +1 robe of resistance
 q - a +0 pair of gloves (worn)
 w - a +0 ring mail
 y - a +2 pair of boots
 M - a +0 chain mail (worn)
Jewellery
 i - an uncursed amulet of inaccuracy
 E - a ring of resist corrosion (left hand)
Wands
 n - a wand of lightning (8/15)
 L - a wand of random effects (23/48)
Scrolls
 d - 3 scrolls of fear
 e - 6 scrolls of identify
 f - 2 scrolls of enchant armour
 g - 9 scrolls of remove curse
 m - 3 scrolls of teleportation
 o - a scroll of recharging
 r - 2 scrolls of enchant weapon
 C - a scroll of immolation {unknown}
 D - 2 scrolls of fog
 G - 2 scrolls of amnesia {unknown}
 J - a scroll of magic mapping {unknown}
Potions
 j - 3 potions of flight
 k - a potion of haste {unknown}
 l - 3 potions of agility {unknown}
 t - a potion of heal wounds {unknown}
 v - a potion of invisibility {unknown}
 x - a potion of lignification {unknown}
 z - 2 potions of resistance {unknown}
 B - a potion of degeneration {unknown}
 F - a potion of berserk rage {unknown}
 H - a potion of mutation {unknown}
 I - a potion of brilliance {unknown}
 K - a potion of might {unknown}
Comestibles
 c - a bread ration
 u - 3 meat rations


   Skills:
 - Level 3.0 Fighting
 + Level 10.9 Long Blades
 - Level 1.7 Armour
 - Level 1.7 Dodging


You had 7 spell levels left.
You didn't know any spells.

Dungeon Overview and Level Annotations

Branches:
Dungeon (6/15)             Temple (0/1) D:6

Altars:
Dithmenos
Elyvilon
Gozag
Qazlal
Vehumet
Zin
The Shining One

Annotations:
D:4 exclusion: statue


Innate Abilities, Weirdness & Mutations

You have hoof-like feet.
You are partially covered in icy blue scales. (AC +2)


Message History

You are more poisoned.
The worker ant poisons you!
The worker ant bites you but does no damage.
The orc barely misses you.
You feel better. The worker ant bites you.
* * * LOW HITPOINT WARNING * * *
The orc hits you with a morningstar!
* * * LOW HITPOINT WARNING * * *
The worker ant bites you.
* * * LOW HITPOINT WARNING * * *
Unknown command.
Okay, then.
Evoke which item? (* to show all) (? for menu, Esc to quit)
Okay, then.
Unknown command.
You hit the worker ant but do no damage.
You kick the worker ant, but do no damage.
The worker ant is moderately wounded.
The worker ant bites you.
You die...

##(.##########
..............
..)........... .....
..)......>.... ..#...
..............## #......
...............#####.....##
...............).ooo.......
.............#)####........
..............)a@o........#
..............####.......#.
....#.....##.# ####........
##.##..#####.###........!.#
.................##.......#
.##.#................o...#.
##..........########.......
..._§.......# .......
...§.#.(....# ......o


You could see a worker ant and an orc.

Vanquished Creatures
  A water moccasin (D:6)
  Duvessa (D:6)
  An ice beast (D:4)
  An ogre (D:4)
  A centaur (D:6)
  An elf zombie (Ossuary)
  Dowan (D:6)
  2 scorpions (D:5)
  A howler monkey (D:5)
  2 jellies (D:6)
  A human zombie (Ossuary)
  5 orc priests
  6 orc wizards
  Ijyb (D:2)
  5 iguanas
  3 worker ants (D:4)
  5 ogre zombies (Ossuary)
  A hound zombie (D:5)
  A hound skeleton (D:4)
  7 mummies (Ossuary)
  A worker ant zombie (D:5)
  A howler monkey zombie (D:5)
  8 adders
  6 gnolls
  5 adder zombies
  3 worms
  A dart slug (D:2)
  4 leopard geckos
  33 orcs
  7 bats
  3 giant cockroaches
  19 goblins
  11 hobgoblins
  2 jackals
  19 kobolds
  2 quokkas
  3 ball pythons
  2 frilled lizards (D:2)
  6 goblin zombies (Ossuary)
  4 hobgoblin zombies (Ossuary)
  2 kobold zombies (Ossuary)
  2 leopard gecko zombies (D:5)
  6 quokka zombies (Ossuary)
  8 rats
  A rat zombie (Ossuary)
206 creatures vanquished.

Notes
Turn   | Place    | Note
-------+----------+-------------------------------------------
     0 | D:1      | Suspicious the Demonspawn Berserker began the quest for the Orb.
     0 | D:1      | Reached XP level 1. HP: 18/18 MP: 1/1
   132 | D:1      | Reached skill level 3 in Long Blades
   408 | D:1      | Gained mutation: You have large cloven feet. [demonic ancestry]
   408 | D:1      | Reached XP level 2. HP: 14/24 MP: 2/2
  1053 | D:2      | Reached XP level 3. HP: 29/29 MP: 3/3
  1133 | D:2      | Reached skill level 4 in Long Blades
  1612 | D:2      | Gained mutation: You have hoof-like feet. [demonic ancestry]
  1612 | D:2      | Reached XP level 4. HP: 23/35 MP: 4/4
  1716 | D:2      | Reached ** piety under Trog
  1825 | D:2      | Found a stormy altar of Qazlal.
  1925 | D:2      | Noticed Ijyb
  1940 | D:2      | Killed Ijyb
  1940 | D:2      | Reached skill level 5 in Long Blades
  2263 | D:3      | Gained mutation: You are partially covered in icy blue scales. (AC +2) [demonic ancestry]
  2263 | D:3      | Reached XP level 5. HP: 34/41 MP: 5/5
  3075 | D:4      | Reached skill level 6 in Long Blades
  3086 | D:4      | Reached XP level 6. HP: 9/47 MP: 6/6
  3364 | D:4      | Reached *** piety under Trog
  4006 | D:4      | Reached **** piety under Trog
  4011 | D:4      | Reached skill level 7 in Long Blades
  4049 | D:4      | Reached XP level 7. HP: 8/52 MP: 7/7
  4471 | D:4      | Found a radiant altar of Vehumet.
  4755 | D:5      | Entered Level 5 of the Dungeon
  4833 | D:5      | Reached skill level 8 in Long Blades
  5004 | D:5      | Found a sand-covered staircase.
  5090 | D:5      | Found a glowing silver altar of Zin.
  5090 | D:5      | Found a white marble altar of Elyvilon.
  5090 | D:5      | Found a glowing golden altar of the Shining One.
  5151 | D:5      | Found an opulent altar of Gozag.
  5154 | Ossuary  | Entered an ossuary
  5502 | Ossuary  | Reached XP level 8. HP: 50/58 MP: 8/8
  5541 | Ossuary  | Reached skill level 9 in Long Blades
  5674 | Ossuary  | Reached ***** piety under Trog
  6135 | D:5      | Received a gift from Trog
  6406 | D:6      | Noticed Dowan
  6408 | D:6      | Noticed Duvessa
  6414 | D:6      | Killed Duvessa
  6414 | D:6      | Reached skill level 10 in Long Blades
  6417 | D:6      | Killed Dowan
  6453 | D:6      | Found a staircase to the Ecumenical Temple.
  6494 | D:6      | Found a shadowy altar of Dithmenos.
  6564 | D:6      | Slain by a worker ant

Skill      XL: |  1  2  3  4  5  6  7  8 |
---------------+-------------------------+-----
Long Blades    | 3 4 5 6 7 8 10 | 10.9
Fighting       | |  3.0
Armour         | |  1.7
Dodging        | |  1.7

Action                   |  1- 3 |  4- 6 |  7- 9 || total
-------------------------+-------+-------+-------++-------
Melee: Falchion          |    81 |   248 |       ||   329
       Kick              |    19 |    75 |   101 ||   195
       Long sword        |       |    45 |   310 ||   355
Invok: Berserk           |     2 |     4 |     4 ||    10
       Trog's Hand       |       |       |     1 ||     1
  Use: Scroll            |     3 |       |     5 ||     8
       Potion            |       |       |     4 ||     4
  Eat: Chunk             |     1 |    14 |     5 ||    20
       Beef jerky        |     1 |       |       ||     1
       Bread ration      |       |       |     2 ||     2
Armor: Animal skin       |    11 |       |       ||    11
       Robe              |     5 |    34 |       ||    39
       Ring mail         |       |    53 |    74 ||   127
       Chain mail        |       |       |    27 ||    27
Dodge: Dodged            |    73 |   167 |   139 ||   379
       Rpst.: Falchion   |    19 |    45 |       ||    64
       Long sword        |       |     4 |    45 ||    49
